 Dungeon Crawl Stone Soup version 0.22-a0-293-gc9362ec4a2 (webtiles) character file.

45 MadFisi the Shield-Bearer (level 3, -1/29 HPs)
             Began as a Human Fighter on Mar 24, 2018.
             Slain by Sigmund
             ... wielding a +0 scythe
              (4 damage)
             ... on level 2 of the Dungeon.
             The game lasted 00:09:50 (708 turns).

MadFisi the Shield-Bearer (Human Fighter)            Turns: 708, Time: 00:09:50

Health: -1/29      AC:  9    Str: 17    XL:     3   Next: 90%
Magic:  3/3        EV:  7    Int:  8    God:
Gold:   42         SH:  9    Dex: 12    Spells: 2/2 levels left

rFire    . . .     SeeInvis .   a - +0 war axe
rCold    . . .     Gourm    .   c - +0 shield
rNeg     . . .     Faith    .   b - +0 scale mail
rPois    .         Spirit   .   (no helmet)
rElec    .         Reflect  .   (no cloak)
rCorr    .         Harm     .   j - +0 pair of gloves
MR       .....                  m - +0 pair of boots
Stlth    ..........             (no amulet)
HPRegen  0.09/turn              (no ring)
MPRegen  0.08/turn              (no ring)

@: no status effects
A: no striking features
a: no special abilities


You were on level 2 of the Dungeon.
You were not hungry.

You visited 1 branch of the dungeon, and saw 2 of its levels.

You collected 42 gold pieces.

Inventory:

Hand Weapons
 a - a +0 war axe (weapon)
 h - a +0 mace
 l - a +1 dagger of speed
Missiles
 e - 12 poisoned needles
 i - 16 arrows
Armour
 b - a +0 scale mail (worn)
 c - a +0 shield (worn)
 j - a +0 pair of gloves (worn)
 m - a +0 pair of boots (worn)
 p - a +0 scale mail
Scrolls
 n - a scroll of identify
Potions
 d - 3 potions of might
 g - a potion of haste {unknown}
 k - a potion of brilliance {unknown}
 o - a potion of heal wounds {unknown}
Comestibles
 f - 3 rations


   Skills:
 + Level 3.1 Fighting
 + Level 2.7 Axes
 + Level 3.3 Armour
 + Level 0.3 Dodging
 + Level 3.6 Shields


You had 2 spell levels left.
You didn't know any spells.

Dungeon Overview and Level Annotations

Branches:
Dungeon (2/15)

Altars:

Annotations:
D:2 Sigmund


Message History

Deactivating autopickup; reactivate with Ctrl-A.
Found an escape hatch in the ceiling.
You see here a yellow potion.
Something hits you but does no damage.
You closely miss something.
You hear some strange, mumbled words.
You are confused.
You closely miss something.
You hear some strange, mumbled words.
Something tries to affect you, but you resist.
Something hits you. Something hits you!
You see here a yellow potion.
You feel less confused. Something hits you!
* * * LOW HITPOINT WARNING * * *
You see here a yellow potion.
You hit something. You block something's attack.
You closely miss something. Something hits you.
You die...

#..........# ###.#####..#
### #.# ... ..#
###.#####..#{# #.# #
...(.).....#.# #.#.#
#.#.#.####.#.# ##.#.####.
...........#$###.....<...
..#.#.######.##.#.#.#####
##...##...##...{@........
##.....#...........#####
#####...######.#### #####
###


There were no monsters in sight!

Vanquished Creatures
  An adder (D:2)
  A leopard gecko (D:2)
  2 giant cockroaches (D:1)
  4 hobgoblins
  2 jackals (D:1)
  2 ball pythons
  7 bats
  3 frilled lizards
  4 goblins (D:1)
  4 kobolds
  5 rats (D:1)
35 creatures vanquished.

Notes
Turn   | Place    | Note
-------+----------+-------------------------------------------
     0 | D:1      | MadFisi the Human Fighter began the quest for the Orb.
     0 | D:1      | Reached XP level 1. HP: 18/18 MP: 1/1
    56 | D:1      | Reached XP level 2. HP: 20/24 MP: 2/2
   330 | D:1      | Reached XP level 3. HP: 27/29 MP: 3/3
   691 | D:2      | Noticed Sigmund
   708 | D:2      | Slain by Sigmund

Vault maps used:
D:1:      lightli_arrival_statuegarden
D:2:      eat_drink_and_be_merry_uskayaw, first_ration, uniq_sigmund

Action                   || total
-------------------------++-------
Melee: War axe           ||   128
  Use: Scroll            ||     3
Armor: Scale mail        ||    95
Dodge: Dodged            ||    53
Block: Shield            ||   109

Table legend:
 A = Spawn XP
 B = Non-spawn XP
 C = Spawn XP percentage of total XP
 D = Spawn monster count
 E = Non-spawn monster count
 F = Spawn count percentage of total count
 G = Total turns spent on level
                    A         B        C        D         E        F      G
               +---------+---------+-------+---------+---------+-------+---------
         Total |       0 |      65 |   0.0 |       0 |      35 |   0.0 |   708
               +---------+---------+-------+---------+---------+-------+---------
           D:1 |       0 |      41 |   0.0 |       0 |      27 |   0.0 |   571
           D:2 |       0 |      24 |   0.0 |       0 |       8 |   0.0 |   137
               +---------+---------+-------+---------+---------+-------+---------
